 Dungeon Crawl Stone Soup version 0.29-a0-998-g1987434951 (webtiles) character file.

Game seed: 7627075109523907746

92 spiderkeys the Sneak (level 4, -3/30 HPs)
             Began as an Octopode Brigand on Aug 5, 2022.
             Shot with a sling bullet by a goblin (4 damage)
             ... led by Robin
             ... on level 2 of the Dungeon.
             The game lasted 00:03:16 (2284 turns).

spiderkeys the Sneak (Octopode Brigand)             Turns: 2284, Time: 00:03:16

Health: -3/30      AC:  1    Str: 10    XL:     4   Next: 60%
Magic:  4/4        EV: 13    Int: 13    God:
Gold:   61         SH:  0    Dex: 15    Spells: 3/3 levels left

rFire   . . .      SeeInvis .   a - +2 dagger
rCold   . . .      Faith    .   (no shield)
rNeg    . . .      Spirit   .   (helmet restricted)
rPois   .          Reflect  .   (no amulet)
rElec   .          Harm     .   (no ring)
rCorr   .          Rampage  .   (no ring)
Will    .....                   (no ring)
Stlth   ++++......              (no ring)
HPRegen 0.10/turn               (no ring)
MPRegen 0.09/turn               (no ring)
                                (no ring)
                                (no ring)

@: flying
A: almost no armour, amphibious, 8 rings, camouflage 1, gelatinous body 1,
(nimble swimmer 1), tentacles
a: no special abilities


You were on level 2 of the Dungeon.
You visited 1 branch of the dungeon, and saw 3 of its levels.

You collected 61 gold pieces.


Innate Abilities, Weirdness & Mutations

You cannot wear most types of armour.
You are amphibious.
You can wear up to eight rings at the same time.
Your skin changes colour to match your surroundings (Stealth+).
Your rubbery body absorbs attacks. (AC +1, EV +1)
((You are camouflaged when in or above water. (Stealth+)))
You have tentacles for arms and can constrict up to eight enemies at once.


   Skills:
 + Level 2.7 Fighting
 - Level 2.0(2.2) Short Blades
 + Level 1.4(2.0) Long Blades
 + Level 2.7 Throwing
 + Level 2.0 Dodging
 + Level 6.0 Stealth


You had 3 spell levels left.
You didn't know any spells.
Your spell library was empty.

Inventory:

Hand Weapons
 a - a +2 dagger (weapon)
 n - a +0 falchion
   (You took it off an orc on level 3 of the Dungeon)
Missiles
 b - 9 poisoned darts (quivered)
 c - 2 curare-tipped darts {=f}
 e - 18 stones
 m - 4 javelins
Magical Staves
 i - a staff of poison {!a}
   (You found it on level 1 of the Dungeon)
Scrolls
 g - 3 scrolls of teleportation {@r4}
 h - a scroll of blinking {unknown}
 j - a scroll of identify {unknown}
 k - a scroll of immolation {unknown}
 l - a scroll of amnesia {unknown}
Potions
 d - a potion of flight
 f - a potion of haste {unknown}
 o - a potion of degeneration {unknown}
 p - 2 potions of heal wounds {unknown}

Dungeon Overview and Level Annotations

Branches:
Dungeon (3/15) Zot: 15723

Altars:

Annotations:
D:3 1 runed translucent door, gelatine's ghost, weakling OpTm

##### #.?.. ###.... ..)'
......g .....#
#....############......
#....>................##
## ...####.....@)##
#..... #.#.
#...≈.≈...####..#####.#.
..#....)#...............
.≈....#..$.≈...#..######.
#...#.....#...#.##.## #.
......≈.≈...........# #.
..≈.≈.......≈.≈...##.# #.
...#g..#......###.## #.
#....≈....#...# #..# #.


You could see a goblin.


Message History

The ball python moves out of view. 😎 HP[+3]
Your hp is fully restored (30).
A ball python is nearby!
A ball python is nearby!
A ball python is nearby!
You catch the helpless ball python completely off-guard!
You puncture the ball python!
You kill the ball python!
No target in view!
No target in view!
No target in view!
You see here a +0 rapier.
g - 3 scrolls of teleportation {@r4} (gained 1) Key pressed, stopping explore.
A goblin comes into view. It is wielding a +0 dagger.
The goblin moves out of view.
No target in view!
No target in view!
There are monsters nearby!
There are monsters nearby!
There are monsters nearby!
The goblin shouts!
The endoplasm quivers.
You hit the goblin. You grab the goblin. You constrict the goblin.
You kill the goblin!
The hobgoblin completely misses you.
You hit the hobgoblin. You grab the hobgoblin. You constrict the hobgoblin.
The hobgoblin closely misses you.
The ball python hisses angrily.
You hit the hobgoblin.
You kill the hobgoblin!
You hit the endoplasm. The endoplasm barely misses you.
The goblin closely misses you.
You hit the endoplasm. The endoplasm freezes you.
You are frozen.
The goblin barely misses you. 😕 HP[-3]
You take 3 damage, and now have 27/30 hp.
You hit the endoplasm.
The ball python bites you but does no damage.
The ball python barely misses you. The endoplasm closely misses you.
The goblin hits you with a +0 dagger. 😕 HP[-3]
You take 3 damage, and now have 24/30 hp.
You hit the endoplasm.
You kill the endoplasm!
The ball python bites you. The ball python grabs you.
The ball python constricts you. The goblin hits you with a +0 dagger.
Your Dodging skill increases to level 2! 😮 HP[-5]
You take 5 damage, and now have 19/30 hp.
You miss the goblin. Your grab misses the goblin. You squeeze the goblin.
You kill the goblin!
The ball python bites you but does no damage.
The ball python constricts you. The ball python bites you.
* * * LOW HITPOINT WARNING * * *
The ball python constricts you.
* * * LOW HITPOINT WARNING * * *
😨 HP[-5]
You take 5 damage, and now have 14/30 hp.
You escape the ball python's grasp.
Items here: ! ) = †.
The ball python bites you.
* * * LOW HITPOINT WARNING * * *
The ball python grabs you. The ball python constricts you.
* * * LOW HITPOINT WARNING * * *
😨 HP[-3]
You take 3 damage, and now have 11/30 hp.
The goblin shouts!
You hit the ball python. You grab the ball python.
You constrict the ball python, but do no damage.
You hear a shout!
The ball python bites you.
* * * LOW HITPOINT WARNING * * *
The ball python constricts you.
* * * LOW HITPOINT WARNING * * *
The goblin shoots a sling bullet.
The sling bullet hits you.
* * * LOW HITPOINT WARNING * * *
The ball python misses you. The ball python constricts you.
* * * LOW HITPOINT WARNING * * *
You hit the ball python. You constrict the ball python.
You kill the ball python!
The goblin shoots a sling bullet.
The sling bullet closely misses you.
You hear a bark!
You hear an angry hiss.
The goblin shoots a sling bullet.
The sling bullet hits you.
* * * LOW HITPOINT WARNING * * *
You hear a bark!
You see here a ball python corpse. 😱 HP[-10]
You take 10 damage, and now have 1/30 hp.
MASSIVE DAMAGE!! (PAUSE) It was a potion of flight.
You feel very buoyant.
You fly up into the air.
The goblin shoots a sling bullet.
The sling bullet hits you.
You die...

Skill      XL: |  1  2  3  4 |
---------------+-------------+-----
Long Blades    | 1 |  1.4
Stealth        | 6 |  6.0
Dodging        | 2 |  2.0
Fighting       | |  2.7
Short Blades   | |  2.0
Throwing       | |  2.7

Action                   |  1- 3 |  4- 6 || total
-------------------------+-------+-------++-------
Melee: Dagger            |    61 |    23 ||    84
       Constrict         |    15 |     7 ||    22
       Tentacles         |     7 |     3 ||    10
       Punch             |       |     1 ||     1
Throw: Dart              |       |     2 ||     2
  Use: Scroll            |     1 |       ||     1
       Potion            |       |     1 ||     1
 Stab: Sleeping          |    11 |     2 ||    13
       Distracted        |     1 |     1 ||     2
Armor: Skin              |     5 |     2 ||     7
Dodge: Dodged            |    50 |    15 ||    65

Levels and vault maps discovered:
D:1:      dpeg_arrival_simpleton_c, layout_basic
D:2:      layout_basic, nicolae_kite_square_tiling_tiny, uniq_robin
D:3:      layout_loops_cross, gammafunk_ghost_grave

Notes
Turn   | Place    | Note
-------+----------+-------------------------------------------
     0 | D:1      | spiderkeys the Octopode Brigand began the quest for the
                  | Orb.
     0 | D:1      | Reached XP level 1. HP: 14/14 MP: 1/1
     0 | D:1      | magus.rc [v1.11.3]
   166 | D:1      | Reached XP level 2. HP: 19/19 MP: 2/2
   736 | D:1      | Reached XP level 3. HP: 11/24 MP: 3/3
  1068 | D:1      | Reached skill level 1 in Long Blades
  1515 | D:2      | You fall into a shaft and drop 1 floor!
  1585 | D:2      | Noticed Robin
  1594 | D:3      | HP: 6/25 [poisoned by an adder]
  1897 | D:3      | Noticed an ogre
  1918 | D:3      | HP: 6/25 [goblin/+0 dagger[Robin] (3)]
  1926 | D:3      | HP: 3/25 [goblin/+0 club[Robin] (3)]
  1952 | D:3      | Reached XP level 4. HP: 6/30 MP: 4/4
  2030 | D:3      | Killed Robin
  2116 | D:3      | Found a runed translucent door.
  2117 | D:3      | Noticed gelatine's ghost (weakling OpTm)
  2200 | D:2      | Reached skill level 6 in Stealth
  2278 | D:2      | Reached skill level 2 in Dodging
  2281 | D:2      | HP: 5/30 [goblin/sling bullet[Robin] (3)]
  2283 | D:2      | HP: 1/30 [goblin/sling bullet[Robin] (3)]
  2284 | D:2      | Shot with a sling bullet by a goblin

Vanquished Creatures
  Robin (D:3)
  2 adders
  3 dart slugs
  3 orcs (D:3)
  4 ball pythons
  2 bats (D:1)
  4 endoplasms
  A giant cockroach (D:1)
  13 goblins
  4 hobgoblins
  2 jackals (D:1)
  4 kobolds
  2 quokkas (D:1)
  A frilled lizard (D:1)
  4 rats (D:1)
50 creatures vanquished.

Table legend:
 A = Non-vault XP
 B = Vault XP
 C = Vault XP percentage of total XP
 D = Non-vault monster count
 E = Vault monster count
 F = Vault count percentage of total count
                 A         B        C        D         E       F
            +---------+---------+-------+---------+---------+-------
      Total |     101 |      31 |  23.5 |      40 |      10 |  20.0
            +---------+---------+-------+---------+---------+-------
        D:1 |      46 |       0 |   0.0 |      24 |       0 |   0.0
        D:2 |      21 |       3 |  12.5 |       7 |       2 |  22.2
        D:3 |      34 |      28 |  45.2 |       9 |       8 |  47.1
            +---------+---------+-------+---------+---------+-------

Illustrated notes

Table legend:
 A = Kills in this place as a percentage of kills in entire the game.
 B = Kills by you in this place as a percentage of kills by you in the entire game.
 C = Kills by friends in this place as a percentage of kills by friends in the entire game.
 D = Other kills in this place as a percentage of other kills in the entire game.
 E = Experience gained in this place as a percentage of experience gained in the entire game.
 F = Experience gained in this place divided by the number of levels of this place that you have seen.
                   A       B       C       D       E      F
               +-------+-------+-------+-------+-------+----------------------
         Total | 100.0 | 100.0 |   N/A |   N/A | 100.0 |  44.0
       Dungeon | 100.0 | 100.0 |   N/A |   N/A | 100.0 |  44.0
               +-------+-------+-------+-------+-------+----------------------

Table legend: (Time is in decaauts)
 A = Elapsed time spent in this place.
 B = Non-inter-level travel time spent in this place.
 C = Inter-level travel time spent in this place.
 D = Time resting spent in this place.
 E = Time spent auto-exploring this place.
 F = Levels seen in this place.
 G = Mean time per level.
                   A        B        C        D        E       F      G
               +--------+--------+--------+--------+--------+-----+--------+
         Total |   2275 |   2253 |     22 |    163 |   1606 |   3 |  758.3 |
       Dungeon |   2275 |   2253 |     22 |    163 |   1606 |   3 |  758.3 |
               +--------+--------+--------+--------+--------+-----+--------+

Top non-repeatable levels by time:
     D:1: 1455 daAuts
     D:3: 601 daAuts
     D:2: 219 daAuts
